 Dungeon Crawl Stone Soup version 0.21-a0-582-g1b93aee (webtiles) character file.

451 sithsevirus the Ruffian (level 6, -3/62 HPs)
             Began as a Troll Monk on Dec 19, 2017.
             Killed from afar by Dowan (9 damage)
             ... with a stone arrow
             ... on level 4 of the Dungeon.
             The game lasted 00:08:54 (2458 turns).

sithsevirus the Ruffian (Troll Monk)                Turns: 2458, Time: 00:08:56

Health: -3/62      AC:  5    Str: 21    XL:     6   Next: 75%
Magic:  5/5        EV: 11    Int:  6    God:
Gold:   198        SH:  0    Dex: 13    Spells: 5/5 levels left

rFire    . . .     SeeInvis .     - Unarmed
rCold    . . .     Gourm    +   (no shield)
rNeg     . . .     Faith    .   a - +0 robe
rPois    .         Spirit   .   (helmet restricted)
rElec    .         Reflect  .   (no cloak)
rCorr    .         Harm     .   (gloves unavailable)
MR       .....                  (boots unavailable)
Stlth    ++........             (no amulet)
HPRegen  0.60/turn              (no ring)
MPRegen  0.09/turn              (no ring)

@: no status effects
A: large, unfitting armour, claws 3, fast metabolism 3, gourmand, regeneration
1, shaggy fur 1, tough skin 2
a: no special abilities


You were on level 4 of the Dungeon.
You were completely stuffed.

You visited 1 branch of the dungeon, and saw 4 of its levels.

You collected 198 gold pieces.

Inventory:

Hand Weapons
 c - a +0 hunting sling
Missiles
 g - 108 stones (quivered)
Armour
 a - a +0 robe (worn)
Jewellery
 n - a cursed ring of loudness {unknown}
 r - a +2 amulet of reflection {unknown}
Scrolls
 d - a scroll of random uselessness {unknown}
 h - 3 scrolls of teleportation {unknown}
 k - 4 scrolls of remove curse {unknown}
 l - a scroll of magic mapping {unknown}
 m - 3 scrolls of identify {unknown}
 o - 2 scrolls of fear {unknown}
 p - a scroll of enchant armour {unknown}
 q - a scroll of immolation {unknown}
 s - a scroll of amnesia {unknown}
Potions
 e - a potion of haste {unknown}
 f - 3 potions of degeneration {unknown}
 i - 2 potions of might {unknown}
 j - a potion of resistance {unknown}
 t - a potion of magic {unknown}
 u - 2 potions of lignification {unknown}
Comestibles
 b - 12 rations
 v - 4 chunks of flesh


   Skills:
 + Level 4.1 Fighting
 + Level 4.2 Dodging
 - Level 1.0 Stealth
 + Level 5.0 Unarmed Combat


You had 5 spell levels left.
You didn't know any spells.

Dungeon Overview and Level Annotations

Branches:
Dungeon (4/15)
 Temple: D:4-7

Altars:
Hepliaklqana

Shops:
D:4 (

Annotations:
D:4 Dowan


Innate Abilities, Weirdness & Mutations

You are too large for most types of armour.
You have claws for hands.
Your metabolism is lightning-fast.
You like to eat raw meat.
Your natural rate of healing is unusually fast.
You are covered in fur. (AC +1)
You have very tough skin. (AC +2)


Message History

Items here: ! ) [ † a short sword; a shiny chain mail; a smoky ruby potion the elf corpse of Duvessa Dowan hits you with a dagger of speed.
You closely miss Dowan. Dowan misses you. x2
You claw Dowan!
Dowan is heavily wounded.
Dowan hits you with a dagger of speed. Dowan hits you but does no damage.
You claw Dowan!
Dowan is almost dead.
Dowan breathes, "And she was my only..."
Dowan hits you with a dagger of speed.
You barely miss Dowan.
Dowan is almost dead.
Dowan points at you and mumbles some strange words.
The shard of ice hits you!
* * * LOW HITPOINT WARNING * * *
Dowan points at you and mumbles some strange words.
The stone arrow hits you!
You die...

.... #... ..+
#!. ..# #.. ...
#.#+#.#
#.....###. ...
#######..>......
.. #.....)@....#
.. #.######e...#
.# #.# #!.......
## .. #.#
####.#.#.. ..#
#. #.#
.#.#.###.# #.
#.# ......##.#
#. #.###
#.#..##.#+#.
#...#
#.....#.....
#...#
#.....+.....


You could see Dowan.

Vanquished Creatures
  Duvessa (D:4)
  An ogre (D:4)
  An orc wizard (D:4)
  A worker ant (D:4)
  8 gnolls
  A howler monkey skeleton (D:4)
  4 adders
  2 oozes (D:4)
  An adder skeleton (D:4)
  A worm (D:4)
  A dart slug (D:2)
  A leopard gecko (D:1)
  5 orcs
  3 giant cockroaches
  9 goblins
  9 hobgoblins
  4 jackals (D:3)
  7 kobolds
  A quokka (D:3)
  A ball python (D:1)
  13 bats
  3 frilled lizards
  A leopard gecko skeleton (D:4)
  A quokka skeleton (D:4)
  3 rats
83 creatures vanquished.

Notes
Turn   | Place    | Note
-------+----------+-------------------------------------------
     0 | D:1      | sithsevirus the Troll Monk began the quest for the Orb.
     0 | D:1      | Reached XP level 1. HP: 22/22 MP: 0/0
   183 | D:1      | Reached XP level 2. HP: 29/29 MP: 1/1
  1003 | D:2      | Reached XP level 3. HP: 36/36 MP: 2/2
  1307 | D:3      | Reached XP level 4. HP: 44/45 MP: 3/3
  1546 | D:3      | Reached skill level 4 in Unarmed Combat
  1642 | D:3      | Found a hazy altar of Hepliaklqana.
  1923 | D:4      | Reached XP level 5. HP: 37/53 MP: 4/4
  2318 | D:4      | Reached XP level 6. HP: 59/62 MP: 5/5
  2347 | D:4      | Found Mefam's Antique Weapon Emporium.
  2429 | D:4      | Noticed Dowan
  2431 | D:4      | Noticed Duvessa
  2452 | D:4      | Killed Duvessa
  2452 | D:4      | Reached skill level 5 in Unarmed Combat
  2458 | D:4      | Killed from afar by Dowan

Vault maps used:
D:1:      minmay_arrival_hallway
D:3:      lemuel_round_altar, first_ration, minmay_misc_feat_ornament,
          nrook_loot_triangle
D:4:      kennysheep_six_static_rooms, serial_shops, nicolae_shop_statue_plus,
          uniq_duvessa

Skill      XL: |  1  2  3  4  5  6 |
---------------+-------------------+-----
Dodging        | 3 4 |  4.2
Fighting       | 3 4 |  4.1
Unarmed Combat | 4 5 |  5.0
Stealth        | |  1.0

Action                   |  1- 3 |  4- 6 || total
-------------------------+-------+-------++-------
Melee: Unarmed           |    99 |   127 ||   226
       Punch             |     4 |     3 ||     7
 Stab: Sleeping          |     1 |     2 ||     3
  Eat: Chunk             |    17 |    11 ||    28
Armor: Robe              |    32 |    21 ||    53
Dodge: Dodged            |    71 |    70 ||   141

Table legend:
 A = Spawn XP
 B = Non-spawn XP
 C = Spawn XP percentage of total XP
 D = Spawn monster count
 E = Non-spawn monster count
 F = Spawn count percentage of total count
 G = Total turns spent on level
                    A         B        C        D         E        F      G
               +---------+---------+-------+---------+---------+-------+---------
         Total |       0 |     645 |   0.0 |       0 |      83 |   0.0 |  2458
               +---------+---------+-------+---------+---------+-------+---------
           D:1 |       0 |      40 |   0.0 |       0 |      24 |   0.0 |   989
           D:2 |       0 |      33 |   0.0 |       0 |      11 |   0.0 |   274
           D:3 |       0 |     115 |   0.0 |       0 |      29 |   0.0 |   606
           D:4 |       0 |     457 |   0.0 |       0 |      19 |   0.0 |   589
               +---------+---------+-------+---------+---------+-------+---------
